[Event "Queens Festival Final-C 2022"]
[Site "Tornelo"]
[Date "2022.06.25"]
[Round "6.1"]
[White "Castillo Beitia, Ashley Alexandra"]
[Black "Sanudula, K M Dahamdi"]
[Result "0-1"]
[ECO "D35"]
[WhiteElo "1620"]
[BlackElo "1710"]
[Annotator "NA RC"]
[PlyCount "70"]
[EventDate "2022.06.24"]
[EventType "tourn"]
[EventCountry "NET"]
[SourceTitle "playchess.com"]
[Source "ChessBase"]
[SourceQuality "1"]
[TimeControl "180+2"]

1. d4 Nf6 2. c4 e6 3. Nc3 d5 4. cxd5 exd5 5. Bg5 Be7 6. e3 h6 7. Bh4 Ne4 8. Bxe7 Kxe7 9. Nxe4 dxe4 10. Qc2 f5 11. Bc4 Nc6 12. Ne2 g5 13. O-O-O Qd6 14. Kb1 a6 15. Qc3 b5 16. d5 Ne5 17. Nd4 bxc4 18. Nc6+ Kf6 19. f4 exf3 20. gxf3 f4 21. exf4 gxf4 22. Rde1 Re8 23. Nxe5 Rxe5 24. Re4 Bf5 25. Rhe1 Rae8 26. Ka1 Bxe4 27. Rxe4 Kf5 28. Qxc4 Rxe4 29. fxe4+ Rxe4 30. Qc2 Qxd5 31. a3 Ke5 32. Qc3+ Ke6 33. Qc1 Rd4 34. Qe1+ Kd6 35. Qc3 Rd1+ 0-1

[Event "Queens Festival Final-C 2022"]
[Site "Tornelo"]
[Date "2022.06.25"]
[Round "6.2"]
[White "Pragnya H G"]
[Black "Lampard, Alice"]
[Result "1-0"]
[ECO "D78"]
[WhiteElo "1605"]
[BlackElo "1756"]
[Annotator "NA RC"]
[PlyCount "91"]
[EventDate "2022.06.24"]
[EventType "tourn"]
[EventCountry "NET"]
[SourceTitle "playchess.com"]
[Source "ChessBase"]
[SourceQuality "1"]
[TimeControl "180+2"]

1. d4 Nf6 2. g3 d5 3. Bg2 g6 4. b3 Bg7 5. Bb2 O-O 6. Nd2 c6 7. Ngf3 Re8 8. O-O Nbd7 9. c4 Nb6 10. Ne5 Nfd7 11. Nxd7 Bxd7 12. c5 Nc8 13. e4 Be6 14. e5 Qd7 15. Nf3 Bh3 16. Re1 Bxg2 17. Kxg2 e6 18. Bc1 Ne7 19. Bg5 h6 20. Bf6 Kh7 21. g4 g5 22. Bxg7 Kxg7 23. h4 gxh4 24. Rh1 Ng6 25. g5 h3+ 26. Rxh3 Nf4+ 27. Kg3 Nxh3 28. gxh6+ Kxh6 29. Kxh3 Kg7 30. Qg1+ Kf8 31. Qg5 f6 32. Qxf6+ Qf7 33. Ng5 Qxf6 34. exf6 e5 35. Kg4 exd4 36. Rh1 Re4+ 37. Nxe4 Kf7 38. Rh7+ Kg8 39. Rg7+ Kf8 40. Ng5 Re8 41. Kh5 Re5 42. Kg6 d3 43. Nh7+ Ke8 44. f7+ Ke7 45. f8=Q+ Ke6 46. Qf6# 1-0

[Event "Queens Festival Final-C 2022"]
[Site "Tornelo"]
[Date "2022.06.25"]
[Round "6.3"]
[White "Orbe Vivero, Veronica Priscila"]
[Black "Stadlinger, Lea"]
[Result "1-0"]
[ECO "C89"]
[WhiteElo "1636"]
[BlackElo "1723"]
[Annotator "NA RC"]
[PlyCount "87"]
[EventDate "2022.06.24"]
[EventType "tourn"]
[EventCountry "NET"]
[SourceTitle "playchess.com"]
[Source "ChessBase"]
[SourceQuality "1"]
[TimeControl "180+2"]

1. e4 e5 2. Nf3 Nc6 3. Bb5 a6 4. Ba4 Nf6 5. d3 b5 6. Bb3 Be7 7. O-O O-O 8. c3 d5 9. Nbd2 Bb7 10. Re1 dxe4 11. dxe4 Re8 12. Qe2 Bc5 13. h3 Ne7 14. Nxe5 Rf8 15. Bc2 Ba7 16. Ndf3 c5 17. Bg5 Ng6 18. Rad1 Qb6 19. Bxf6 gxf6 20. Nd7 Qc7 21. Nxf8 Rxf8 22. Qd2 b4 23. Qd7 Qb6 24. c4 Nf4 25. Qg4+ Ng6 26. e5 fxe5 27. Nxe5 Bb8 28. Nd7 Qc7 29. Nxb8 Rxb8 30. Rd7 Qc6 31. Be4 Qb6 32. Bxb7 Rxb7 33. Re8+ Kg7 34. Rdd8 Qf6 35. Rg8+ Kh6 36. Qf3 Qxb2 37. Qxb7 Qc1+ 38. Kh2 Qf4+ 39. g3 Qxf2+ 40. Qg2 Qf6 41. Rc8 Ne7 42. Qd2+ Kh5 43. g4+ Kh4 44. Qe1+ 1-0

[Event "Queens Festival Final-C 2022"]
[Site "Tornelo"]
[Date "2022.06.25"]
[Round "6.4"]
[White "Vicze, Zsofia"]
[Black "Davari, Sara"]
[Result "0-1"]
[ECO "C24"]
[WhiteElo "1749"]
[BlackElo "1674"]
[Annotator "NA RC"]
[PlyCount "116"]
[EventDate "2022.06.24"]
[EventType "tourn"]
[EventCountry "NET"]
[SourceTitle "playchess.com"]
[Source "ChessBase"]
[SourceQuality "1"]
[TimeControl "180+2"]

1. e4 e5 2. Bc4 Nf6 3. d3 c6 4. f4 exf4 5. Bxf4 d5 6. exd5 cxd5 7. Bb5+ Nc6 8. Qe2+ Be7 9. Nf3 O-O 10. Nc3 d4 11. Ne4 Qa5+ 12. Nfd2 Qxb5 13. O-O-O Nxe4 14. Nxe4 Be6 15. a3 Qd5 16. Kd2 Bf5 17. Ng3 Bg6 18. h4 h5 19. Rdf1 Bd6 20. Bxd6 Qxd6 21. Nxh5 Bxh5 22. Qxh5 Qh6+ 23. Qxh6 gxh6 24. Rf4 Rae8 25. Rhf1 Re6 26. h5 f6 27. Rg4+ Kf7 28. Rg6 Rg8 29. Rxg8 Kxg8 30. Rf3 Kf7 31. Rg3 Re5 32. Rh3 Rg5 33. Rh2 Ne5 34. c3 Rg3 35. Rh3 Rxh3 36. gxh3 dxc3+ 37. bxc3 Nf3+ 38. Ke3 Ng5 39. h4 Ne6 40. Ke4 Nc5+ 41. Ke3 Ke6 42. d4 Nd7 43. c4 Nb6 44. c5 Nd5+ 45. Kd3 f5 46. a4 a5 47. Ke2 Nf6 48. Kd3 Kd5 49. Kc3 Nxh5 50. Kd3 Nf4+ 51. Ke3 Ne6 52. h5 Nxd4 53. Kf4 Kxc5 54. Ke5 b6 55. Kf4 Kd5 56. Ke3 Ke5 57. Kd3 f4 58. Kd2 Ke4 0-1

[Event "Queens Festival Final-C 2022"]
[Site "Tornelo"]
[Date "2022.06.25"]
[Round "7.1"]
[White "Jimenez Salas, Maria Teresa"]
[Black "Castillo Beitia, Ashley Alexandra"]
[Result "0-1"]
[ECO "B38"]
[WhiteElo "1813"]
[BlackElo "1620"]
[Annotator "NA RC"]
[PlyCount "176"]
[EventDate "2022.06.24"]
[EventType "tourn"]
[EventCountry "NET"]
[SourceTitle "playchess.com"]
[Source "ChessBase"]
[SourceQuality "1"]
[TimeControl "180+2"]

1. e4 c5 2. Nf3 d6 3. d4 cxd4 4. Nxd4 Nf6 5. f3 g6 6. c4 Bg7 7. Nc3 O-O 8. Be3 Nc6 9. Qd2 Be6 10. Be2 Nxd4 11. Bxd4 Rc8 12. b3 a6 13. Rc1 Qa5 14. O-O Nd7 15. Be3 Rfe8 16. Rfd1 Nc5 17. Nd5 Qxd2 18. Rxd2 f5 19. exf5 Bxf5 20. Bg5 Bf8 21. Bf1 Ne6 22. Be3 Ng7 23. Bd3 Bxd3 24. Rxd3 Nf5 25. Bf2 Kf7 26. Rdc3 Bg7 27. R3c2 e6 28. Ne3 Bh6 29. Re1 d5 30. Nxf5 exf5 31. Rxe8 Kxe8 32. Re2+ Kd7 33. cxd5 Rc1+ 34. Re1 Rxe1+ 35. Bxe1 Kd6 36. Kf2 Kxd5 37. Bc3 b5 38. Ke2 Bf8 39. Kd3 Bd6 40. h3 Bg3 41. Bf6 Be5 42. Bg5 Bg7 43. Bf4 Kc5 44. Bd2 Kd5 45. Bf4 Bf8 46. Bc7 Bc5 47. Bd8 Bd6 48. Bf6 Be5 49. Be7 Bg7 50. Bh4 Ke5 51. Bg3+ Kd5 52. Bf2 Be5 53. Be3 Bd6 54. Bf2 Bc5 55. Bg3 Bd4 56. Bh4 Be5 57. Bf2 Bf4 58. Ba7 Bg3 59. Bb6 h6 60. Bd8 g5 61. Bf6 Bf4 62. Bg7 h5 63. Bh6 h4 64. Bf8 Bd6 65. Bxd6 Kxd6 66. Kd4 a5 67. a3 a4 68. bxa4 bxa4 69. Kc4 Ke5 70. Kb4 Kf4 71. Kxa4 Kg3 72. Kb3 Kxg2 73. a4 Kxh3 74. a5 Kg3 75. a6 h3 76. a7 h2 77. a8=Q h1=Q 78. Qb8+ f4 79. Qg8 Qxf3+ 80. Kc2 g4 81. Kd2 Kg2 82. Ke1 g3 83. Qg5 Qf2+ 84. Kd1 f3 85. Qg4 Qe2+ 86. Kc1 Qe3+ 87. Kd1 f2 88. Kc2 f1=Q 0-1

[Event "Queens Festival Final-C 2022"]
[Site "Tornelo"]
[Date "2022.06.25"]
[Round "7.3"]
[White "Stadlinger, Lea"]
[Black "Vicze, Zsofia"]
[Result "1/2-1/2"]
[ECO "B56"]
[WhiteElo "1723"]
[BlackElo "1749"]
[Annotator "NA RC"]
[PlyCount "133"]
[EventDate "2022.06.24"]
[EventType "tourn"]
[EventCountry "NET"]
[SourceTitle "playchess.com"]
[Source "ChessBase"]
[SourceQuality "1"]
[TimeControl "180+2"]

1. e4 c5 2. Nf3 Nc6 3. d4 cxd4 4. Nxd4 Nf6 5. Nc3 d6 6. Be3 e5 7. Nb3 Be7 8. f3 O-O 9. Qd2 Be6 10. Be2 Rc8 11. g4 a6 12. O-O-O Na5 13. Kb1 Nc4 14. Bxc4 Bxc4 15. h4 b5 16. h5 Qc7 17. g5 Nd7 18. g6 Rfd8 19. gxh7+ Kh8 20. Rdg1 Bf8 21. h6 g6 22. f4 exf4 23. Bd4+ Ne5 24. Qxf4 Kxh7 25. Nd2 Be6 26. Nf3 Nxf3 27. Qxf3 Be7 28. Rh2 b4 29. Nd5 Qb7 30. Nf6+ Bxf6 31. Qxf6 Rg8 32. Rhg2 Qxe4 33. b3 Qf5 34. Qxf5 Bxf5 35. Bb2 Rge8 36. Rd1 Rcd8 37. Rgd2 Re6 38. a3 bxa3 39. Bxa3 Rc8 40. Bxd6 Kxh6 41. Bf4+ Kg7 42. Kb2 Rec6 43. Rc1 Kf6 44. c3 Be6 45. Rd6 Kg7 46. Rxc6 Rxc6 47. Rd1 Rb6 48. Rd6 Rxd6 49. Bxd6 g5 50. Kc2 f5 51. b4 g4 52. Kd3 Kf6 53. c4 Kg5 54. b5 axb5 55. cxb5 Bd5 56. Ke3 Bb7 57. Bf4+ Kf6 58. Kd4 Ke6 59. Kc5 Kd7 60. Kb6 Be4 61. Kc5 Kc8 62. Kd6 Kb7 63. Kc5 Bf3 64. Be5 Be4 65. Bf4 Bf3 66. Be5 Be4 67. Bf4 1/2-1/2

[Event "Queens Festival Final-C 2022"]
[Site "Tornelo"]
[Date "2022.06.25"]
[Round "7.4"]
[White "Lampard, Alice"]
[Black "Orbe Vivero, Veronica Priscila"]
[Result "0-1"]
[ECO "E92"]
[WhiteElo "1756"]
[BlackElo "1636"]
[Annotator "NA RC"]
[PlyCount "80"]
[EventDate "2022.06.24"]
[EventType "tourn"]
[EventCountry "NET"]
[SourceTitle "playchess.com"]
[Source "ChessBase"]
[SourceQuality "1"]
[TimeControl "180+2"]

1. d4 Nf6 2. c4 g6 3. Nc3 Bg7 4. e4 d6 5. Nf3 O-O 6. Be2 e5 7. d5 a5 8. Qc2 Na6 9. a3 Nc5 10. Be3 Nfd7 11. O-O h6 12. b4 axb4 13. axb4 Rxa1 14. Rxa1 Na6 15. Qb3 f5 16. exf5 gxf5 17. Ne1 f4 18. Bd2 Nf6 19. c5 dxc5 20. Bxa6 bxa6 21. bxc5 Kh8 22. Nf3 e4 23. Ne5 Qe8 24. Nc4 f3 25. g3 Qh5 26. Ne3 Qh3 27. Nxe4 Nxe4 28. Qd1 Nxd2 29. Qxd2 Bxa1 30. Qc1 Bd4 31. Qf1 Bxe3 32. Qxh3 Bxh3 33. d6 cxd6 34. cxd6 Bc5 35. d7 Bxd7 36. h4 Bh3 37. Kh2 Bg2 38. h5 Re8 39. g4 Bd6+ 40. Kg1 Re1# 0-1

[Event "Queens Festival Final-C 2022"]
[Site "Tornelo"]
[Date "2022.06.25"]
[Round "7.5"]
[White "Sanudula, K M Dahamdi"]
[Black "Pragnya H G"]
[Result "1/2-1/2"]
[ECO "A47"]
[WhiteElo "1710"]
[BlackElo "1605"]
[Annotator "NA RC"]
[PlyCount "164"]
[EventDate "2022.06.24"]
[EventType "tourn"]
[EventCountry "NET"]
[SourceTitle "playchess.com"]
[Source "ChessBase"]
[SourceQuality "1"]
[TimeControl "180+2"]

1. d4 Nf6 2. Bf4 b6 3. Nf3 Bb7 4. e3 g6 5. Bd3 Bg7 6. Nbd2 O-O 7. c3 d6 8. e4 Nbd7 9. Qe2 c5 10. O-O Nh5 11. Bg5 h6 12. Bh4 Nf4 13. Qe3 Nxd3 14. Qxd3 g5 15. Bg3 e5 16. Rad1 Qe7 17. Rfe1 Rfe8 18. Nc4 Ba6 19. b3 cxd4 20. cxd4 exd4 21. Nxd4 d5 22. Nf5 Qc5 23. exd5 Nf6 24. d6 Rxe1+ 25. Rxe1 Rd8 26. Ne7+ Kh8 27. Qf5 Bxc4 28. Qxc5 bxc5 29. bxc4 Nh5 30. Nf5 Nxg3 31. hxg3 Bd4 32. Rd1 Be5 33. Nxh6 Kg7 34. Nf5+ Kf6 35. g4 Ke6 36. Kf1 Bxd6 37. Re1+ Kf6 38. Rd1 Ke6 39. Ke2 Bc7 40. Rxd8 Bxd8 41. Kd3 Bc7 42. Ke4 Be5 43. Ne3 Bd4 44. g3 f6 45. f4 a5 46. Nd5 Bf2 47. Kf3 Bd4 48. Nc7+ Kd7 49. Nb5 Bg1 50. Ke4 Bf2 51. fxg5 fxg5 52. Kf5 Be3 53. Nc3 Kd6 54. Ne4+ Kc6 55. Nxg5 a4 56. Ne4 a3 57. g5 Kb6 58. g6 Bh6 59. Kf6 Ka5 60. Nc3 Kb4 61. Ne4 Kxc4 62. g7 Bxg7+ 63. Kxg7 Kd4 64. Nxc5 Kxc5 65. Kf6 Kc4 66. g4 Kc3 67. g5 Kb2 68. g6 Kxa2 69. g7 Kb1 70. g8=Q a2 71. Qg1+ Kb2 72. Qf2+ Kb1 73. Qe1+ Kb2 74. Qd2+ Kb1 75. Qd3+ Kb2 76. Qb5+ Ka1 77. Qa4 Kb2 78. Qb4+ Ka1 79. Qc3+ Kb1 80. Kf5 a1=Q 81. Qb3+ Qb2 82. Qxb2+ Kxb2 1/2-1/2

[Event "Queens Festival Final-C 2022"]
[Site "Tornelo"]
[Date "2022.06.25"]
[Round "8.1"]
[White "Castillo Beitia, Ashley Alexandra"]
[Black "Pragnya H G"]
[Result "1-0"]
[ECO "E61"]
[WhiteElo "1620"]
[BlackElo "1605"]
[Annotator "NA RC"]
[PlyCount "63"]
[EventDate "2022.06.24"]
[EventType "tourn"]
[EventCountry "NET"]
[SourceTitle "playchess.com"]
[Source "ChessBase"]
[SourceQuality "1"]
[TimeControl "180+2"]

1. d4 Nf6 2. c4 b6 3. Nc3 Bb7 4. Bf4 g6 5. e3 Bg7 6. Nf3 O-O 7. Be2 d6 8. h3 Nbd7 9. O-O Re8 10. Qc2 e5 11. dxe5 dxe5 12. Bh2 Qe7 13. Rfd1 Rad8 14. Rd2 a6 15. Rad1 e4 16. Nd4 c5 17. Nb3 Nh5 18. Bxh5 gxh5 19. Bc7 Be5 20. Bxd8 Rxd8 21. Nd5 Qe6 22. Nxb6 Qxb6 23. Rxd7 Rxd7 24. Rxd7 Bc6 25. Rd2 Ba4 26. Rd5 Qe6 27. Qd2 Bxb3 28. axb3 Bc7 29. Rxc5 Bd6 30. Rd5 Qf6 31. Rxd6 Qe7 32. Rd8+ 1-0

[Event "Queens Festival Final-C 2022"]
[Site "Tornelo"]
[Date "2022.06.25"]
[Round "8.2"]
[White "Orbe Vivero, Veronica Priscila"]
[Black "Sanudula, K M Dahamdi"]
[Result "0-1"]
[ECO "B01"]
[WhiteElo "1636"]
[BlackElo "1710"]
[Annotator "NA RC"]
[PlyCount "50"]
[EventDate "2022.06.24"]
[EventType "tourn"]
[EventCountry "NET"]
[SourceTitle "playchess.com"]
[Source "ChessBase"]
[SourceQuality "1"]
[TimeControl "180+2"]

1. e4 d5 2. exd5 Qxd5 3. Nc3 Qa5 4. d4 Nf6 5. Nf3 Bg4 6. h3 Bxf3 7. Qxf3 c6 8. Bd2 Qb6 9. Bc4 Qxd4 10. Bb3 e6 11. O-O-O Qb6 12. Be3 Qa5 13. Bd4 Nbd7 14. Rhe1 O-O-O 15. g4 h6 16. Ne4 Be7 17. g5 hxg5 18. Nxg5 Qxg5+ 19. Kb1 Kb8 20. Rg1 Qh5 21. Qg3+ Ka8 22. Qc7 Rc8 23. Qg3 Bc5 24. Bxc5 Nxc5 25. Qxg7 Nfe4 0-1

[Event "Queens Festival Final-C 2022"]
[Site "Tornelo"]
[Date "2022.06.25"]
[Round "8.3"]
[White "Vicze, Zsofia"]
[Black "Lampard, Alice"]
[Result "1-0"]
[ECO "B38"]
[WhiteElo "1749"]
[BlackElo "1756"]
[Annotator "NA RC"]
[PlyCount "59"]
[EventDate "2022.06.24"]
[EventType "tourn"]
[EventCountry "NET"]
[SourceTitle "playchess.com"]
[Source "ChessBase"]
[SourceQuality "1"]
[TimeControl "180+2"]

1. e4 c5 2. Nf3 Nc6 3. c4 g6 4. d4 cxd4 5. Nxd4 Bg7 6. Be3 Qb6 7. Nb5 Qd8 8. N1c3 a6 9. Nd4 d6 10. Be2 Nf6 11. O-O O-O 12. Rc1 Bd7 13. Kh1 Rc8 14. b3 Ne8 15. f4 Nc7 16. Bf3 Ne6 17. Nxe6 fxe6 18. g3 Qa5 19. Qd2 b5 20. cxb5 axb5 21. Ne2 Ra8 22. Rc2 Nb4 23. Bb6 Qa3 24. Rc7 Bc6 25. Rxe7 Qxa2 26. Qxb4 Rfb8 27. Bd4 Ra7 28. Rxa7 Qc2 29. Rxg7+ Kf8 30. Qxd6+ 1-0

[Event "Queens Festival Final-C 2022"]
[Site "Tornelo"]
[Date "2022.06.25"]
[Round "8.5"]
[White "Jimenez Salas, Maria Teresa"]
[Black "Davari, Sara"]
[Result "0-1"]
[ECO "C42"]
[WhiteElo "1813"]
[BlackElo "1674"]
[Annotator "NA RC"]
[PlyCount "122"]
[EventDate "2022.06.24"]
[EventType "tourn"]
[EventCountry "NET"]
[SourceTitle "playchess.com"]
[Source "ChessBase"]
[SourceQuality "1"]
[TimeControl "180+2"]

1. e4 e5 2. Nf3 Nf6 3. Nxe5 d6 4. Nf3 Nxe4 5. Nc3 Nxc3 6. dxc3 Be7 7. Be2 Nc6 8. O-O O-O 9. Bf4 Bf5 10. Qd2 Qd7 11. Nd4 Nxd4 12. cxd4 d5 13. Rfe1 Rfe8 14. Bf3 Bf6 15. c3 c6 16. h3 h6 17. Be5 Bxe5 18. dxe5 Bg6 19. Rad1 Qf5 20. Bg4 Qc2 21. Qxc2 Bxc2 22. Rd2 Bg6 23. Rde2 Be4 24. f3 Bd3 25. Re3 Bg6 26. h4 h5 27. Bh3 Re7 28. e6 f5 29. f4 Rf8 30. Re5 Rf6 31. Kf2 Kf8 32. b3 Ke8 33. c4 dxc4 34. bxc4 Kd8 35. c5 Kc7 36. R1e3 Bh7 37. Ke2 g6 38. Kd2 Bg8 39. Ra3 a6 40. Ree3 Rfxe6 41. Red3 Re2+ 42. Kc3 Rxa2 43. Rxa2 Bxa2 44. Rd2 Bd5 45. Rd3 Re4 46. g3 Rc4+ 47. Kd2 Rxc5 48. Re3 Kd6 49. Bf1 Be4 50. Rb3 Kc7 51. Ke3 Rd5 52. Bc4 Rd7 53. Ra3 b5 54. Be2 Kb6 55. Bd1 a5 56. Be2 a4 57. Ra1 c5 58. Bd1 Ka5 59. Bb3 Rd3+ 60. Ke2 Rxb3 61. Rd1 Bf3+ 0-1

[Event "Queens Festival Final-C 2022"]
[Site "Tornelo"]
[Date "2022.06.25"]
[Round "9.1"]
[White "Davari, Sara"]
[Black "Castillo Beitia, Ashley Alexandra"]
[Result "1-0"]
[ECO "B76"]
[WhiteElo "1674"]
[BlackElo "1620"]
[Annotator "NA RC"]
[PlyCount "107"]
[EventDate "2022.06.24"]
[EventType "tourn"]
[EventCountry "NET"]
[SourceTitle "playchess.com"]
[Source "ChessBase"]
[SourceQuality "1"]
[TimeControl "180+2"]

1. e4 c5 2. Nf3 d6 3. d4 cxd4 4. Nxd4 Nf6 5. Nc3 g6 6. Be3 Bg7 7. f3 Nc6 8. Qd2 O-O 9. O-O-O d5 10. exd5 Nxd5 11. Nxc6 bxc6 12. Bd4 e5 13. Bc5 Re8 14. Nxd5 cxd5 15. Qxd5 Qg5+ 16. Qd2 Qf6 17. Bb4 Be6 18. Kb1 Rab8 19. Bc3 Qe7 20. Bd3 Qb7 21. b3 Rec8 22. Bb2 Rd8 23. Qe2 a5 24. Be4 Qc7 25. Rxd8+ Rxd8 26. Rd1 f5 27. Rxd8+ Qxd8 28. Bd3 Qc7 29. Bc4 Bxc4 30. Qxc4+ Qxc4 31. bxc4 Kf7 32. a4 Ke6 33. Bc3 Kd6 34. Kb2 Kc5 35. Kb3 g5 36. Bxa5 g4 37. Bc3 gxf3 38. gxf3 e4 39. Bxg7 exf3 40. c3 Kc6 41. Bd4 Kd6 42. a5 Kc6 43. Kc2 Kb7 44. Kd3 Ka6 45. Ke3 Kxa5 46. Kxf3 Ka6 47. Kf4 Kb7 48. Kxf5 Kc6 49. Kf6 Kd6 50. Kg7 h5 51. h4 Ke6 52. Kh6 Kf5 53. Kxh5 Ke6 54. Kg6 1-0

[Event "Queens Festival Final-C 2022"]
[Site "Tornelo"]
[Date "2022.06.25"]
[Round "9.2"]
[White "Stadlinger, Lea"]
[Black "Jimenez Salas, Maria Teresa"]
[Result "0-1"]
[ECO "B56"]
[WhiteElo "1723"]
[BlackElo "1813"]
[Annotator "NA RC"]
[PlyCount "64"]
[EventDate "2022.06.24"]
[EventType "tourn"]
[EventCountry "NET"]
[SourceTitle "playchess.com"]
[Source "ChessBase"]
[SourceQuality "1"]
[TimeControl "180+2"]

1. e4 c5 2. Nf3 Nc6 3. d4 cxd4 4. Nxd4 Nf6 5. Nc3 d6 6. Be3 Ng4 7. Be2 Nxe3 8. fxe3 e6 9. O-O Be7 10. Qd2 O-O 11. Rad1 a6 12. Nf3 Qc7 13. Nd4 Ne5 14. Bf3 b5 15. b3 Bb7 16. Nce2 Rac8 17. Nf4 Nxf3+ 18. gxf3 e5 19. Qg2 exf4 20. Nf5 Bf6 21. Nxd6 Rcd8 22. Nf5 fxe3 23. Nxe3 Bd4 24. Rfe1 Bxe3+ 25. Rxe3 Rxd1+ 26. Kf2 Qxc2+ 27. Re2 Qc5+ 28. Kg3 f5 29. Kh3 fxe4 30. fxe4 Bc8+ 31. Kh4 Rf4+ 32. Kg3 Qg5# 0-1

[Event "Queens Festival Final-C 2022"]
[Site "Tornelo"]
[Date "2022.06.25"]
[Round "9.4"]
[White "Sanudula, K M Dahamdi"]
[Black "Vicze, Zsofia"]
[Result "1/2-1/2"]
[ECO "D00"]
[WhiteElo "1710"]
[BlackElo "1749"]
[Annotator "NA RC"]
[PlyCount "63"]
[EventDate "2022.06.24"]
[EventType "tourn"]
[EventCountry "NET"]
[SourceTitle "playchess.com"]
[Source "ChessBase"]
[SourceQuality "1"]
[TimeControl "180+2"]

1. d4 d5 2. e3 Nf6 3. Bd3 Bg4 4. f3 Bh5 5. c3 e6 6. Qb3 Qc8 7. f4 c5 8. Bb5+ Nc6 9. Nf3 Be7 10. Ne5 a6 11. Bxc6+ bxc6 12. Qb6 cxd4 13. cxd4 c5 14. Nc3 Rb8 15. Qa5 O-O 16. O-O Ng4 17. Nd3 cxd4 18. exd4 Bf6 19. Ne5 Nxe5 20. fxe5 Be7 21. Qa4 Rb4 22. Qc2 Rxd4 23. Be3 Rb4 24. Qf2 Qb8 25. b3 Qxe5 26. Na4 Bg6 27. Nc5 Rbb8 28. Nd7 Qh5 29. Nxb8 Rxb8 30. Bf4 Rf8 31. Bg3 Bf6 32. Rad1 1/2-1/2

[Event "Queens Festival Final-C 2022"]
[Site "Tornelo"]
[Date "2022.06.25"]
[Round "9.5"]
[White "Pragnya H G"]
[Black "Orbe Vivero, Veronica Priscila"]
[Result "1-0"]
[ECO "A01"]
[WhiteElo "1605"]
[BlackElo "1636"]
[Annotator "NA RC"]
[PlyCount "99"]
[EventDate "2022.06.24"]
[EventType "tourn"]
[EventCountry "NET"]
[SourceTitle "playchess.com"]
[Source "ChessBase"]
[SourceQuality "1"]
[TimeControl "180+2"]

1. b3 Nf6 2. Bb2 g6 3. d4 Bg7 4. g3 d6 5. Bg2 O-O 6. Nd2 Nc6 7. e4 Nd7 8. Ngf3 e5 9. O-O Nxd4 10. Nxd4 exd4 11. Nf3 c5 12. Rc1 Ne5 13. c3 dxc3 14. Bxc3 Bg4 15. Bxe5 Bxe5 16. h3 Bxf3 17. Bxf3 Qa5 18. Qe2 Rfe8 19. Bg2 Bd4 20. Kh1 Rab8 21. f4 b5 22. f5 Rb6 23. Qf3 f6 24. fxg6 hxg6 25. Qg4 Kg7 26. e5 Rxe5 27. Be4 Rg5 28. Qd7+ Kh6 29. Qd8 f5 30. Bd5 Qd2 31. Rcd1 Qe3 32. Rf3 Qe5 33. Bf7 Qe4 34. Rdf1 Rh5 35. h4 Ra6 36. Qg8 f4 37. Kh2 Rxa2+ 38. Kh3 Qf5+ 39. g4 Rxh4+ 40. Kxh4 Qc2 41. Qxg6+ Qxg6 42. Bxg6 Kxg6 43. Rxf4 Be5 44. R4f2 Ra3 45. Rf3 Ra2 46. R1f2 Ra1 47. g5 Rh1+ 48. Rh3 Rg1 49. Ra2 Rxg5 50. Rxa7 1-0